 Dungeon Crawl Stone Soup version 0.21.0-3-g78d12a8 (webtiles) character file.

244 ponchio the Skirmisher (level 6, 0/40 HPs)
             Began as a Gargoyle Fighter on Jan 9, 2018.
             Slain by Menkaure (11 damage)
             ... on level 4 of the Dungeon.
             The game lasted 00:12:48 (3154 turns).

ponchio the Skirmisher (Gargoyle Fighter)           Turns: 3154, Time: 00:12:49

Health: 0/40       AC: 10    Str: 24    XL:     6   Next: 10%
Magic:  6/6        EV:  8    Int:  9    God:
Gold:   164        SH:  9    Dex: 11    Spells: 5/5 levels left

rFire    . . .     SeeInvis .   a - +0 flail
rCold    . . .     Gourm    +   c - +0 shield
rNeg     + . .     Faith    .   l - +0 ring mail
rPois    ∞         Spirit   .   (no helmet)
rElec    +         Reflect  .   (no cloak)
rCorr    .         Harm     .   (no gloves)
MR       .....                  (no boots)
Stlth    +.........             j - amulet of the gourmand
HPRegen  0.13/turn              q - +4 ring of slaying
MPRegen  0.10/turn              (no ring)

@: mighty
A: negative energy resistance 1, electricity resistance, unbreathing,
petrification resistance, rot immunity, AC +4
a: no special abilities


You were on level 4 of the Dungeon.
You were completely stuffed.

You visited 1 branch of the dungeon, and saw 4 of its levels.

You collected 164 gold pieces.

Inventory:

Hand Weapons
 a - a +0 flail (weapon)
Armour
 b - a +0 scale mail
 c - a +0 shield (worn)
 l - a +0 ring mail (worn)
Jewellery
 j - an amulet of the gourmand (around neck)
 k - an uncursed amulet of regeneration
 q - a +4 ring of slaying (left hand)
Scrolls
 g - 4 scrolls of enchant armour {unknown}
 i - a scroll of remove curse {unknown}
 m - a scroll of blinking {unknown}
 p - a scroll of noise {unknown}
 s - a scroll of magic mapping {unknown}
 u - a scroll of immolation {unknown}
 v - 2 scrolls of teleportation {unknown}
 w - a scroll of identify {unknown}
Potions
 d - a potion of might
 e - 6 potions of curing {unknown}
 h - a potion of heal wounds {unknown}
 n - 2 potions of lignification {unknown}
 o - a potion of haste {unknown}
 r - a potion of resistance {unknown}
Comestibles
 f - 7 rations


   Skills:
 + Level 5.6 Fighting
 + Level 4.5 Maces & Flails
 - Level 3.2 Armour
 - Level 3.2 Shields


You had 5 spell levels left.
You didn't know any spells.

Dungeon Overview and Level Annotations

Branches:
Dungeon (4/15)
 Temple: D:4-7

Altars:
Makhleb
Nemelex Xobeh
Yredelemnul
The Shining One

Annotations:
D:4 Menkaure


Innate Abilities, Weirdness & Mutations

You are resistant to torment.
Your stone body is resilient. (AC +4)
You are immune to poison.
You resist negative energy. (rN+)
You are resistant to electric shocks. (rElec)
You can survive without breathing.
You are immune to petrification.
You are immune to rotting.


Message History

Menkaure casts a spell.
Menkaure seems to speed up.
Menkaure points at you and mumbles some strange words.
Pain shoots through your body!
Your shield prevents you from hitting Menkaure.
Menkaure closely misses you.
You hit Menkaure.
Menkaure is lightly damaged.
Menkaure calls on the powers of darkness!
Your body is wracked with pain!
You block Menkaure's attack.
You barely miss Menkaure.
Menkaure is lightly damaged.
Menkaure hits you!
* * * LOW HITPOINT WARNING * * *
You feel very mighty all of a sudden. You block Menkaure's attack. x2
You sock Menkaure!
Menkaure is heavily damaged.
Menkaure hits you!
You die...

... ... #..
#.# #.# #
#.# #.#M#
#.#@###.#
#.......#
###.#####.#
#.........#
#.#.#######
#.#.#
######### #
#.#
#........
#.#
#.#######
#.#
#.#.....#


You could see Menkaure.

Vanquished Creatures
  An orc wizard (D:3)
  An orc priest (D:3)
  A howler monkey zombie (D:3)
  4 gnolls
  5 adders
  An ooze (D:2)
  A worm (D:3)
  A dart slug (D:2)
  2 leopard geckos
  6 orcs (D:3)
  4 giant cockroaches
  8 goblins
  10 hobgoblins
  4 jackals (D:1)
  2 ball pythons
  10 bats
  5 frilled lizards
  5 kobolds
  6 rats
  A fungus (D:2)
78 creatures vanquished.

Notes
Turn   | Place    | Note
-------+----------+-------------------------------------------
     0 | D:1      | ponchio the Gargoyle Fighter began the quest for the Orb.
     0 | D:1      | Reached XP level 1. HP: 14/14 MP: 1/1
    80 | D:1      | Reached XP level 2. HP: 3/19 MP: 2/2
   856 | D:1      | Reached XP level 3. HP: 24/24 MP: 3/3
   914 | D:1      | Reached skill level 4 in Fighting
  1737 | D:2      | Reached XP level 4. HP: 24/30 MP: 4/4
  1894 | D:2      | Found a glowing golden altar of the Shining One.
  2061 | D:2      | Found a sparkling altar of Nemelex Xobeh.
  2401 | D:2      | Reached XP level 5. HP: 34/34 MP: 5/5
  2569 | D:3      | Reached skill level 5 in Fighting
  2597 | D:3      | Found a burning altar of Makhleb.
  2904 | D:3      | Reached XP level 6. HP: 34/40 MP: 6/6
  2915 | D:3      | Found a basalt altar of Yredelemnul.
  3145 | D:4      | Noticed Menkaure
  3154 | D:4      | Slain by Menkaure

Skill      XL: |  1  2  3  4  5 |
---------------+----------------+-----
Fighting       | 4 5 |  5.6
Maces & Flails | 3 4 |  4.5
Armour         | |  3.2
Shields        | |  3.2

Action                   |  1- 3 |  4- 6 || total
-------------------------+-------+-------++-------
Melee: Flail             |   123 |   183 ||   306
  Use: Potion            |       |     1 ||     1
  Eat: Chunk             |     3 |    23 ||    26
Armor: Scale mail        |    79 |    17 ||    96
       Ring mail         |       |    79 ||    79
Dodge: Dodged            |    42 |    76 ||   118
Block: Shield            |    67 |   119 ||   186
